 Dungeon Crawl Stone Soup version 0.30-a0-1112-gfb780f5df6 (webtiles) character file.

Game seed: 12835999137903964700

9621 jasper the Grappler (level 11, -12/113 HPs)
             Began as a Troll Cinder Acolyte on Apr 19, 2023.
             Was a Follower of Jiyva.
             Mangled by a centaur warrior simulacrum (13 damage)
             ... on level 10 of the Dungeon.
             The game lasted 00:29:56 (9414 turns).

jasper the Grappler (Troll Cinder Acolyte)          Turns: 9414, Time: 00:29:56

Health: -12/113    AC:  9    Str: 24    XL:     11   Next: 25%
Magic:  11/11      EV:  9    Int: 14    God:    Jiyva [*.....]
Gold:   465        SH:  0    Dex:  5    Spells: 9/12 levels left

rFire   . . .      SeeInvis .      - Unarmed
rCold   + . .      Faith    .    (no shield)
rNeg    . . .      Spirit   .    F - +0 acid dragon scales
rPois   +          Reflect  .    (helmet restricted)
rElec   .          Rampage  .    c - +0 cloak
rCorr   +                        (gloves unavailable)
Will    .....                    (boots unavailable) Stlth
                                 B - amulet of the acrobat
HPRegen 1.98/turn                C - ring of protection from cold
MPRegen 0.37/turn                x - ring of poison resistance

@: fire susceptible
A: large, unfitting armour, claws 3, regeneration 1, shaggy fur 1, tough skin 1
a: Renounce Religion


You were on level 10 of the Dungeon.
You worshipped Jiyva.
Jiyva was aware of your devotion.
You visited 1 branch of the dungeon, and saw 10 of its levels.

You collected 537 gold pieces.
You spent 72 gold pieces at shops.

Inventory:

Missiles
 b - 59 stones (quivered)
 i - 13 poisoned darts
 k - a curare-tipped dart
 l - 2 boomerangs
 p - 5 javelins
 q - 3 throwing nets
Armour
 a - a +0 robe
 c - a +0 cloak (worn)
 v - a +0 troll leather armour
 F - +0 acid dragon scales (worn)
Jewellery
 s - a ring of resist corrosion
 x - a ring of poison resistance (right claw)
 B - an amulet of the acrobat (around neck)
 C - a ring of protection from cold (left claw)
 E - a ring of see invisible
Wands
 g - a wand of light (2)
 o - a wand of mindburst (6)
 r - a wand of flame (17)
 w - a wand of digging (6)
 y - a wand of paralysis (4)
Scrolls
 h - 2 scrolls of fear
 m - 3 scrolls of vulnerability
 t - 3 scrolls of teleportation
 A - a scroll of immolation
Potions
 d - 5 potions of curing
 e - 3 potions of flight
 f - 5 potions of might
 j - a potion of attraction
 n - a potion of magic
 u - a potion of heal wounds
 z - a potion of ambrosia
 D - a potion of brilliance {unknown}


   Skills:
 + Level 8.4 Fighting
 + Level 5.4 Dodging
 * Level 13.6 Unarmed Combat
 - Level 1.0 Spellcasting
 - Level 2.1 Fire Magic


You had 9 spell levels left.
You knew the following spells:

 Your Spells              Type           Power      Damage    Failure   Level
a - Ozocubu's Armour      Ice            0%         N/A       69%         3

Your spell library contained the following spells:

 Spells                   Type           Power      Damage    Failure   Level
 Scorch                   Fire           12%        2d6       21%         2
 Necrotise                Necr           0%         1d4       32%         1
 Sting                    Tmut/Pois      0%         1d3       32%         1
 Poisonous Vapours        Pois/Air       0%         N/A       45%         2
 Summon Guardian Golem    Hex/Summ       0%         N/A       69%         3
 Vampiric Draining        Necr           0%         2d6       69%         3
 Olgreb's Toxic Radiance  Pois           0%         N/A       97%         4
 Agony                    Necr           0%         N/A       100%        5
 Metabolic Englaciation   Hex/Ice        0%         N/A       100%        5
 Simulacrum               Ice/Necr       0%         N/A       100%        6
 Orb of Destruction       Conj           0%         9d5       100%        7
 Spellforged Servitor     Conj/Summ      0%         N/A       100%        7
 Borgnjor's Revivificati  Necr           0%         N/A       100%        8
 Necromutation            Tmut/Necr      0%         N/A       100%        8
 Death's Door             Necr           0%         N/A       100%        9


Dungeon Overview and Level Annotations

Branches:
Dungeon (10/15)            Temple (0/1) D:6
   Lair: D:8-11         Orc: D:9-12

Altars:
Ashenzari
Dithmenos
Gozag
Nemelex Xobeh
Qazlal
Jiyva

Shops:
D:2 ![[*   D:3 =

Annotations:
D:9 BillyBaka's ghost, journeyman MiHu


Innate Abilities, Weirdness & Mutations

You are too large for most types of armour.
You have claws for hands.
Your natural rate of healing is unusually fast.
You are covered in fur. (AC +1)
You have tough skin. (AC +1)


Message History

You regained 2 hp, and now have 38/113 hp.
You barely miss the centaur warrior simulacrum.
The centaur warrior simulacrum is heavily damaged.
The centaur warrior simulacrum is no longer blind.
The centaur warrior simulacrum hits you.
The centaur warrior simulacrum freezes you!
You resist.
* * * LOW HITPOINT WARNING * * *
The centaur warrior simulacrum kicks you but does no damage.
You take 12 damage, and have 26/113 hp.
You claw the centaur warrior simulacrum!
Your claw misses the centaur warrior simulacrum.
The centaur warrior simulacrum is severely damaged.
The centaur warrior simulacrum hits you but does no damage.
The centaur warrior simulacrum kicks you but does no damage.
You scratch the centaur warrior simulacrum.
The centaur warrior simulacrum is almost destroyed.
The centaur warrior simulacrum hits you!
* * * LOW HITPOINT WARNING * * *
The centaur warrior simulacrum freezes you!
You resist.
* * * LOW HITPOINT WARNING * * *
The centaur warrior simulacrum kicks you but does no damage.
You take 14 damage, and have 13/113 hp.
You feel much better.
The centaur warrior simulacrum hits you.
* * * LOW HITPOINT WARNING * * *
The centaur warrior simulacrum freezes you.
You resist.
* * * LOW HITPOINT WARNING * * *
The centaur warrior simulacrum kicks you.
* * * LOW HITPOINT WARNING * * *
The centaur warrior simulacrum freezes you!
You resist.
* * * LOW HITPOINT WARNING * * *
The centaur warrior simulacrum hits you!
* * * LOW HITPOINT WARNING * * *
The centaur warrior simulacrum freezes you!
You resist.
You die...

...#.#
.####.# ..
#.# ≈≈ #.#
.≈≈ #.# #.#
#.# #.# #@#
#Z# #.# #.#
#.# # #.#
##~ #.#
##.≈≈ #.#
+..≈≈.####.#


You could see a centaur warrior simulacrum.

Vanquished Creatures
  A two-headed ogre (D:10)
  An unseen horror skeleton (D:10)
  5 trolls
  A hornet (D:9)
  A slime creature (D:9)
  5 flying skulls (D:10)
  2 wraiths (D:10)
  2 wyverns (D:9)
  17 yaks
  A vampire mosquito (D:10)
  2 fire elementals (D:10)
  An acid dragon (D:10)
  3 water moccasins
  3 orc warriors (D:8)
  2 black bears (D:5)
  2 ice beasts
  2 hornet zombies (D:8)
  2 ogres
  A centaur (D:10)
  A phantom (D:4)
  2 kobold brigands
  A bullfrog (D:8)
  2 scorpions (D:7)
  6 wights (D:8)
  2 howler monkeys (D:9)
  2 centaur zombies (D:8)
  3 hounds
  6 jellies
  3 orc priests
  Crazy Yiuf (D:3)
  A gnoll bouda (D:6)
  2 iguanas (D:4)
  A sleepcap (D:7)
  Natasha (thrice) (D:2)
  A hell rat (D:10)
  8 orc wizards
  2 howler monkey zombies
  Robin (D:2)
  13 gnolls
  8 adders
  A shadow imp (D:6)
  4 white imps
  2 ufetubi (D:6)
  4 worms
  3 dart slugs
  23 orcs
  3 ball pythons
  A bat (D:2)
  5 endoplasms
  11 goblins
  7 hobgoblins
  4 jackals (D:3)
  12 kobolds
  2 quokkas
  3 frilled lizards
  7 rats
215 creatures vanquished.

Vanquished Creatures (others)
  3 jellies (D:10)
  4 fungi (D:3)
  9 plants (D:3)
  11 withered plants (D:8)
27 creatures vanquished.

Grand Total: 242 creatures vanquished

Notes
Turn   | Place    | Note
-------+----------+-------------------------------------------
     0 | D:1      | jasper the Troll Cinder Acolyte began the quest for the
                  | Orb.
     0 | D:1      | Reached XP level 1. HP: 22/22 MP: 1/1
   236 | D:1      | Reached XP level 2. HP: 25/29 MP: 2/2
   731 | D:2      | Found Ajaraed's Armour Shoppe.
   768 | D:2      | Noticed Robin
   795 | D:2      | Killed Robin
   796 | D:2      | Reached XP level 3. HP: 29/36 MP: 3/3
   844 | D:2      | Reached skill level 4 in Unarmed Combat
   849 | D:2      | Noticed Natasha
   863 | D:2      | Killed Natasha
   941 | D:2      | Reached XP level 4. HP: 39/45 MP: 4/4
   964 | D:2      | Found Veoqaol's Distillery.
   970 | D:2      | Bought 2 potions of curing for 72 gold pieces
   980 | D:2      | Noticed Natasha
  1000 | D:2      | Killed Natasha
  1227 | D:2      | Found Tychibb's Assorted Antiques.
  1391 | D:2      | Noticed Natasha
  1397 | D:2      | Killed Natasha
  1398 | D:2      | Reached skill level 5 in Unarmed Combat
  1398 | D:2      | Reached XP level 5. HP: 39/53 MP: 5/5
  1702 | D:2      | Found Xeixzuet's Antique Armour Boutique.
  2033 | D:3      | Found a runed translucent door.
  2034 | D:3      | Noticed Crazy Yiuf
  2044 | D:3      | Killed Crazy Yiuf
  2482 | D:3      | Found a faded altar of an unknown god.
  2825 | D:3      | Found Wexitiwe's Jewellery Emporium.
  3298 | D:4      | Reached XP level 6. HP: 45/62 MP: 6/6
  3438 | D:4      | Reached skill level 6 in Unarmed Combat
  3685 | D:4      | Found a broken altar of Ashenzari.
  3845 | D:4      | Reached XP level 7. HP: 67/70 MP: 7/7
  3944 | D:5      | Entered Level 5 of the Dungeon
  4081 | D:5      | Reached skill level 7 in Unarmed Combat
  4465 | D:5      | Reached skill level 8 in Unarmed Combat
  4556 | D:5      | Reached skill level 5 in Fighting
  4556 | D:5      | Reached XP level 8. HP: 72/80 MP: 8/8
  4698 | D:5      | Found a sparkling altar of Nemelex Xobeh.
  5408 | D:6      | Found a staircase to the Ecumenical Temple.
  5466 | D:6      | Learned a level 3 spell: Ozocubu's Armour
  5546 | D:6      | Reached skill level 9 in Unarmed Combat
  6003 | D:7      | Reached skill level 10 in Unarmed Combat
  6003 | D:7      | Reached XP level 9. HP: 18/89 MP: 9/9
  6436 | D:7      | Reached skill level 1 in Dodging
  6989 | D:8      | Reached skill level 11 in Unarmed Combat
  7222 | D:8      | Noticed a troll
  7230 | D:8      | Killed a troll
  7434 | D:8      | Reached XP level 10. HP: 15/99 MP: 10/10
  8155 | D:9      | Reached skill level 12 in Unarmed Combat
  8340 | D:9      | Found an opulent altar of Gozag.
  8554 | D:9      | Found a runed translucent gate.
  8555 | D:9      | Found a runed translucent gate.
  8556 | D:9      | Found a runed translucent gate.
  8557 | D:9      | Noticed BillyBaka's ghost (journeyman MiHu)
  8626 | D:9      | Found a viscous altar of Jiyva.
  8820 | D:9      | Fell from the grace of Ignis
  8820 | D:9      | Became a worshipper of Jiyva Jubbuyni the Shapeless
  8847 | D:10     | Entered Level 10 of the Dungeon
  9027 | D:10     | Found a stormy altar of Qazlal.
  9029 | D:10     | Found a shadowy altar of Dithmenos.
  9118 | D:10     | Reached skill level 13 in Unarmed Combat
  9178 | D:10     | Reached * piety under Jiyva
  9198 | D:10     | Reached skill level 5 in Dodging
  9198 | D:10     | Reached XP level 11. HP: 111/111 MP: 11/11
  9202 | D:10     | Noticed a two-headed ogre
  9212 | D:10     | Killed a two-headed ogre
  9414 | D:10     | HP: 1/113 [centaur warrior simulacrum (9)]
  9414 | D:10     | Mangled by a centaur warrior simulacrum

Illustrated notes

Levels and vault maps discovered:
D:1:      matt_arrival_refuge, layout_loops_ring
D:2:      layout_loops_corners, serial_shops, shop, shop,
          nicolae_shop_back_alley_shop, shop, hangedman_decor_riveting,
          uniq_robin, uniq_natasha
D:3:      layout_basic, shapermc_ecumenical_altar_mp_urbaneastern, serial_shops,
          nicolae_shop_back_alley_shop, uniq_crazy_yiuf_cottage
D:4:      nicolae_BIG_FREAKIN_CUBE, layout_gridville, overflow_temple_1_default,
          minivault_19, small_statue_intersection,
          hangedman_abyss_or_decor_stagger, grunt_decor_one_mirror
D:5:      layout_cave_pools, mainiacjoe_overflow_surrounded_room, serial_rivers,
          chequers_serial_rivers_micro_b, chequers_serial_rivers_room_a,
          chequers_serial_rivers_micro_c, chequers_serial_rivers_room_a,
          serial_bayou_pond_a, eino_tiny_chamber
D:6:      layout_basic, minmay_temple_entry_butterflies
D:7:      layout_loops_ring
D:8:      cheibrodos_quashed, layout_cave_pools, serial_undead, serial_undead_f,
          serial_undead_f, serial_undead_b, serial_undead_f
D:9:      nicolae_hitomezashi [nicolae_hito_row, nicolae_hito_row,
          nicolae_hito_row, nicolae_hito_row, nicolae_hito_row,
          nicolae_hito_row, nicolae_hito_row, nicolae_hito_row,
          nicolae_hito_row, nicolae_hito_row, nicolae_hito_row,
          nicolae_hito_row, nicolae_hito_row, nicolae_hito_row,
          nicolae_hito_row, nicolae_hito_row, nicolae_hito_row,
          nicolae_hito_row], layout_rooms, old_standard_altar,
          gammafunk_ghost_ooze
D:10:     lemuel_vampire_tower, layout_basic, nicolae_overflow_hidden_temple,
          st_stairs_7

Skill      XL: |  1  2  3  4  5  6  7  8  9 10 |
---------------+-------------------------------+-----
Unarmed Combat | 4 5 6 8 10 11 13 | 13.6
Fighting       | 3 4 5 6 7 8 |  8.4
Dodging        | 3 5 |  5.4
Spellcasting   | |  1.0
Fire Magic     | |  2.1

Action                     |  1- 3 |  4- 6 |  7- 9 | 10-12 || total
---------------------------+-------+-------+-------+-------++-------
  Melee: Unarmed           |    70 |   173 |   280 |   211 ||   734
         Punch             |     1 |     1 |     8 |    13 ||    23
  Throw: Stone             |     4 |     5 |    25 |     8 ||    42
  Evoke: Wand              |       |     6 |    14 |     4 ||    24
    Use: Scroll            |     1 |     6 |     9 |     2 ||    18
         Potion            |       |       |     3 |     4 ||     7
   Stab: Invisible         |       |       |     4 |       ||     4
 Armour: Robe              |    20 |    37 |    64 |     6 ||   127
         Troll leather arm |       |       |       |    33 ||    33
         Acid dragon scale |       |       |       |    16 ||    16
  Dodge: Dodged            |    17 |    46 |   126 |    95 ||   284

Table legend: (Time is in decaauts)
 A = Elapsed time spent in this place.
 B = Non-inter-level travel time spent in this place.
 C = Inter-level travel time spent in this place.
 D = Time resting spent in this place.
 E = Time spent auto-exploring this place.
 F = Levels seen in this place.
 G = Mean time per level.
                   A        B        C        D        E       F      G
               +--------+--------+--------+--------+--------+-----+--------+
         Total |   9308 |   8641 |    667 |   1549 |   3176 |  10 |  930.8 |
       Dungeon |   9308 |   8641 |    667 |   1549 |   3176 |  10 |  930.8 |
               +--------+--------+--------+--------+--------+-----+--------+

Top non-repeatable levels by time:
     D:4: 1187 daAuts
     D:2: 1141 daAuts
     D:3: 1128 daAuts
     D:8: 1010 daAuts
     D:7: 1002 daAuts
     D:6: 995 daAuts
     D:9: 898 daAuts
     D:1: 727 daAuts
     D:5: 681 daAuts
    D:10: 535 daAuts
